Map: Bastion of the Conclave

Players

Subwaymaker

  • Race: Protoss Protoss
  • League: Silver
  • Spawn Location: 12:00

Mesrob

  • Race: Terran Terran
  • Spawn Location: 0:00

subwayengine

  • Race: Terran Terran
  • Spawn Location: 12:00

DevilDemon

  • Race: Protoss Protoss
  • League: Diamond
  • Spawn Location: 6:00

CarEdu

  • Race: Protoss Protoss
  • League: Gold
  • Spawn Location: 6:00

IIIIIIIIIII

  • Race: Protoss Protoss
  • League: Platinum
  • Spawn Location: 6:00

VOD

Have the link to the VOD?

Description

Time

  • Played on: Jan. 9, 2019, 3:50 p.m.
  • Length: 14:53
Show
View Real Time Build Order
Export as new Build Order

Subwaymaker Protoss 

Build Orders:  

Get SALT Encoding   

  12  0:00  Probe  
  13  0:08  Probe  
  14  0:18  Probe  
  15  0:25  Pylon  
  15  0:43  Probe  
  15  0:47  Forge  
  16  0:55  Probe  
  17  1:09  Probe  
  17  1:17  Probe  
  19  1:32  Pylon  
  19  1:34  Assimilator  
  19  1:48  Photon Cannon  
  19  1:52  Pylon  
  19  1:56  Pylon  
  19  2:00  Pylon  
  19  2:12  Photon Cannon  
  19  2:16  Pylon  
  18  2:43  Pylon  
  18  2:46  Photon Cannon  
  18  2:56  Gateway  
  18  3:05  Photon Cannon  
  18  3:13  Assimilator  
  18  3:32  Pylon  
  18  3:36  Pylon  
  18  3:39  Pylon  
  18  3:51  Pylon  
  17  4:08  Cybernetics Core  
  17  4:09  Probe  
  18  4:17  Probe  
  19  4:25  Probe  
  19  4:29  Pylon  
  20  4:34  Probe  
  21  4:40  Protoss Air Weapons Level 1  
  21  4:42  Probe  
  22  4:53  Probe, Stargate  
  22  4:55  Stargate  
  23  5:05  Probe  
  24  5:07  Stalker  
  26  5:22  Pylon  
  26  5:26  Pylon  
  26  5:37  Void Ray  
  26  5:38  Void Ray  
  34  5:51  Photon Cannon  
  34  5:57  Photon Cannon  
  34  6:02  Stalker  
  36  6:33  Void Ray  
  39  6:43  Void Ray  
  31  7:13  Photon Cannon  
  31  7:15  Pylon  
  31  7:17  Pylon  
  31  7:36  Void Ray  
  35  7:40  Oracle  
  38  8:06  Nexus  
  38  8:08  Pylon  
  38  8:10  Probe  
  39  8:22  Probe  
  40  8:27  Void Ray  
  44  8:34  Probe  
  45  8:46  Probe  
  46  8:50  Oracle  
  49  9:09  Assimilator  
  49  9:14  Assimilator  
  49  9:17  Pylon, Protoss Air Armor Level 1  
  49  9:20  Pylon  
  49  9:31  Void Ray  
  45  10:26  Void Ray x2  
  53  10:39  Probe  
  54  10:44  Probe  
  55  10:51  Probe  
  55  10:52  Probe  
  57  11:01  Probe  
  57  11:03  Probe  
  59  11:11  Probe  
  59  11:15  Probe  
  61  11:19  Probe  
  62  11:27  Probe  
  62  11:28  Probe  
  64  12:11  Void Ray x2  
  64  12:18  Probe x2  
  74  12:30  Probe  
  75  12:38  Fleet Beacon  
  61  13:20  Stargate, Carrier  
  63  13:28  Carrier  
Show
View Real Time Build Order
Export as new Build Order

Mesrob Terran 

Build Orders:  

Get SALT Encoding   

  12  0:00  SCV  
  13  0:14  Supply Depot  
  13  0:20  SCV  
  14  0:32  SCV  
  15  0:38  Barracks  
  15  0:44  SCV  
  15  0:48  Refinery  
  16  0:56  SCV  
  17  1:04  Barracks  
  17  1:12  SCV  
  18  1:25  Marine  
  19  1:26  Supply Depot  
  19  1:34  Orbital Command  
  19  1:40  Barracks  
  19  1:45  Marine  
  20  1:51  Marine  
  21  2:02  Marine  
  22  2:09  Marine  
  23  2:28  Marine  
  24  2:49  Marine  
  24  2:50  Marine x2  
  26  3:07  Marine x3  
  26  3:08  Factory  
  26  3:10  SCV  
  26  3:11  Supply Depot  
  30  3:15  Refinery  
  29  3:22  SCV  
  29  3:25  Marine  
  31  3:32  Marine x2  
  33  3:34  SCV  
  33  3:39  Supply Depot  
  34  3:42  Marine  
  34  3:46  SCV  
  36  3:50  Marine x2  
  38  3:58  SCV  
  38  4:00  Marine  
  40  4:08  Marine  
  41  4:10  Marine  
  42  4:18  Marine  
  43  4:26  Marine  
  43  4:28  Marine  
  44  4:36  Marine  
  45  4:43  Marine  
  41  4:57  Factory Tech Lab  
  41  4:59  Barracks Reactor  
  41  5:10  Engineering Bay  
  41  5:17  Command Center  
  41  5:25  Supply Depot  
  41  5:28  Siege Tank  
  41  5:32  Marine  
  45  5:42  Missile Turret  
  45  5:49  Supply Depot  
  45  5:50  SCV  
  46  6:00  Siege Tank  
  49  6:05  Barracks Tech Lab  
  49  6:06  Barracks Reactor  
  49  6:07  Marine  
  50  6:17  Supply Depot  
  50  6:34  Refinery  
  49  6:47  Supply Depot  
  49  6:48  Terran Infantry Weapons Level 1  
  49  6:50  SCV  
  50  7:00  Missile Turret  
  50  7:02  SCV  
  51  7:13  Orbital Command  
  51  7:23  Missile Turret  
  51  7:36  Marine x2  
  53  7:51  Missile Turret  
  53  7:52  SCV x2  
  53  8:41  SCV  
  54  8:42  Marine x5  
  54  8:43  Terran Infantry Armor Level 1  
  59  8:53  SCV  
  60  8:58  Missile Turret  
  60  9:00  Marine, SCV  
  62  9:21  Missile Turret, Armory  
  62  10:04  Marine  
  62  10:05  Marine x2  
  65  10:12  Starport  
  65  10:19  Marine x2  
  67  10:22  Marine, Starport  
  67  10:23  Marine x2  
  67  10:25  SCV x2  
  72  10:37  Marine x2, SCV  
  72  10:39  Marine  
  72  10:41  Marine x2  
  77  10:54  Marine, Siege Tank  
  81  11:04  Starport Tech Lab  
  81  11:06  Starport Tech Lab  
  81  11:07  Marine x4  
  85  11:12  Combat Shield  
  85  11:26  Siege Tank  
  88  11:50  Command Center  
  88  11:58  Siege Tank  
  91  12:10  Command Center  
  90  13:03  Marine x4  
  94  13:10  Supply Depot  
  94  13:21  Marine x5, Raven  
  101  13:29  Planetary Fortress  
  101  13:34  Supply Depot  
  101  13:39  Marine x4, Refinery  
  105  13:42  Refinery  
  105  13:43  SCV  
  105  13:46  SCV  
  107  13:55  SCV  
  108  13:56  Supply Depot  
  108  13:58  SCV  
  109  14:19  Supply Depot  
  109  14:21  Fusion Core  
  100  14:30  Refinery  
  51  14:42  Supply Depot  
Show
View Real Time Build Order
Export as new Build Order

subwayengine Terran 

Build Orders:  

Get SALT Encoding   

  12  0:22  SCV  
  12  0:23  Refinery, Supply Depot  
  13  0:34  SCV  
  14  0:47  Barracks, SCV  
  15  0:59  SCV  
  16  1:11  SCV  
  17  1:12  Refinery  
  17  1:23  SCV  
  18  1:40  Factory  
  18  1:46  Orbital Command  
  18  2:19  SCV  
  19  2:31  SCV  
  19  2:33  Starport  
  20  2:43  SCV  
  21  2:51  Starport  
  21  2:55  SCV  
  22  3:07  SCV  
  22  3:09  Starport  
  23  3:22  Supply Depot  
  23  3:44  SCV  
  23  3:45  Supply Depot  
  24  3:56  Starport Reactor, SCV  
  24  4:00  Starport Tech Lab  
  25  4:06  Fusion Core  
  25  4:08  Supply Depot, SCV  
  26  4:13  Supply Depot  
  26  4:20  SCV  
  27  4:32  SCV  
  28  4:44  SCV  
  29  4:52  Supply Depot  
  29  4:56  SCV  
  30  5:01  Battlecruiser  
  36  5:08  SCV  
  37  5:16  Starport  
  37  5:31  Command Center  
  37  5:39  Supply Depot  
  37  5:49  Viking  
  39  5:51  Viking  
  41  6:05  Battlecruiser  
  47  6:11  Refinery  
  47  6:19  Starport  
  47  6:28  Starport Tech Lab  
  47  6:38  Refinery  
  25  7:47  SCV  
  26  7:56  Starport Tech Lab  
  25  7:59  SCV  
  26  8:11  SCV  
  27  8:14  Starport Tech Lab  
  27  8:20  SCV  
  27  8:23  SCV  
  28  8:32  SCV  
  29  8:36  SCV  
  30  8:44  SCV  
  31  8:56  Fusion Core, SCV  
  31  8:57  Viking  
  31  8:58  Viking  
  36  9:08  SCV  
  37  9:18  SCV  
  37  9:21  SCV  
  39  9:27  Starport Tech Lab, Viking  
  39  9:28  Viking  
  39  9:30  SCV  
  44  9:33  SCV  
  45  9:42  SCV  
  45  9:45  SCV  
  47  9:54  SCV  
  47  9:57  Viking, SCV  
  47  9:58  Viking  
  53  10:06  SCV  
  54  10:18  SCV  
  55  10:25  Supply Depot  
  55  10:27  Battlecruiser  
  61  10:30  SCV  
  62  10:43  SCV  
  62  10:49  Supply Depot  
  63  10:55  SCV  
  64  11:13  Viking  
  66  11:21  Orbital Command  
  64  12:01  SCV  
  65  12:13  SCV  
  66  12:17  Battlecruiser  
  72  12:25  SCV  
  73  12:37  SCV  
  74  12:49  SCV  
  71  13:14  Battlecruiser  
  71  13:19  Supply Depot  
  75  13:46  Battlecruiser  
  87  14:17  SCV  
  88  14:29  SCV  
Show
View Real Time Build Order
Export as new Build Order

DevilDemon Protoss 

Build Orders:  

Get SALT Encoding   

  1  0:00  Probe  
  12  0:06  Probe  
  14  0:23  Pylon  
  14  0:25  Probe  
  15  0:41  Probe, Gateway  
  16  0:45  Assimilator  
  16  0:53  Probe  
  16  0:54  Assimilator  
  17  1:05  Gateway  
  17  1:07  Probe  
  18  1:15  Probe  
  18  1:25  Probe  
  19  1:32  Cybernetics Core  
  20  1:37  Probe  
  21  1:42  Pylon  
  21  1:49  Probe  
  22  2:06  Warp Gate  
  22  2:10  Stalker x2  
  26  2:30  Gateway  
  26  2:34  Gateway  
  26  2:40  Pylon  
  26  2:54  Stalker, Shield Battery  
  28  3:00  Stalker  
  30  3:24  Stalker  
  32  3:27  Stalker x2  
  36  3:35  Twilight Council  
  36  4:03  Adept  
  38  4:11  Pylon  
  38  4:14  Pylon  
  38  4:32  Adept  
  38  4:33  Adept x3  
  46  4:40  Blink  
  46  4:41  Dark Shrine  
  46  5:49  Nexus  
  46  5:50  Pylon  
  46  5:54  Pylon  
  46  5:59  Dark Templar x4  
  54  6:25  Probe  
  29  7:37  Probe  
  29  7:38  Probe  
  29  7:40  Adept x4  
  39  7:50  Probe x2  
  39  7:51  Gateway  
  41  7:53  Gateway  
  41  7:55  Gateway  
  41  7:57  Gateway  
  41  7:58  Gateway  
  41  8:01  Pylon  
  41  8:02  Probe  
  38  8:34  Dark Templar x4  
  40  8:37  Probe x2  
  46  8:44  Forge  
  46  8:47  Forge  
  46  8:48  Assimilator  
  46  8:49  Assimilator, Probe  
  46  8:50  Probe  
  48  9:01  Templar Archives  
  48  9:06  Protoss Ground Armor Level 1, Protoss Ground Weapons Level 1  
  48  9:23  Probe x2  
  50  9:35  Probe x2  
  52  9:47  Probe x2  
  52  9:59  Probe  
  49  10:13  Probe x2  
  51  10:14  High Templar x2  
  51  10:15  High Templar x3  
  51  10:18  Archon  
  51  10:19  Archon  
  61  10:25  Probe  
  60  10:39  Probe x2  
  58  10:51  Probe x2  
  60  10:59  Charge  
  60  11:03  High Templar x3, Probe  
  67  11:07  Archon x2  
  67  11:10  Pylon, Nexus  
  67  11:13  Pylon x2  
  67  11:14  Pylon  
  67  11:17  Assimilator  
  67  11:18  Assimilator  
  67  11:25  Pylon  
  67  11:28  Pylon  
  67  11:30  Pylon  
  67  11:32  Pylon  
  67  11:33  Zealot x3  
  67  11:34  Zealot x2, Gateway  
  77  11:40  Zealot  
  79  12:05  Zealot x3  
  79  12:06  Zealot x3  
  79  12:07  High Templar x2  
  95  12:11  Archon  
  95  12:26  Probe x2  
  95  12:27  Probe  
  98  12:38  Probe x2  
  98  12:39  Probe  
  98  12:42  High Templar x4  
  98  12:43  High Templar  
  111  12:50  Probe  
  111  12:51  Probe x2  
  114  12:52  High Templar  
  114  12:53  Zealot x3  
  114  12:57  Archon x2  
  123  13:12  Probe  
  123  13:13  Probe x2  
  125  13:25  Probe  
  126  13:32  Archon  
  126  13:40  Zealot x3  
  126  13:41  Zealot x6  
  136  13:42  Zealot  
  146  13:49  Probe  
  146  13:50  Probe  
  120  14:36  High Templar x5  
  120  14:37  High Templar x2  
  120  14:38  High Templar x2  
  118  14:43  Archon  
  118  14:44  Archon  
  118  14:45  Archon x2  
  114  14:47  High Templar  
  114  14:52  Archon  
Show
View Real Time Build Order
Export as new Build Order

CarEdu Protoss 

Build Orders: Oracle Opening 

Get SALT Encoding   

  12  0:14  Pylon  
  12  0:18  Probe  
  12  0:26  Probe  
  14  0:36  Probe  
  14  0:40  Gateway  
  15  0:49  Probe  
  16  0:57  Assimilator  
  16  1:01  Probe  
  17  1:13  Probe  
  18  1:31  Cybernetics Core  
  18  1:33  Probe  
  18  1:37  Assimilator  
  19  1:46  Pylon  
  19  2:29  Stalker  
  21  2:32  Probe  
  22  2:44  Probe  
  23  2:52  Probe  
  23  2:54  Stargate  
  24  3:00  Probe  
  25  3:08  Stalker  
  27  3:43  Oracle  
  27  3:48  Pylon  
  30  4:01  Gateway  
  30  4:06  Stalker  
  30  4:07  Warp Gate  
  32  4:16  Shield Battery  
  32  4:23  Twilight Council  
  32  4:25  Pylon  
  32  5:12  Stalker x2  
  36  5:17  Robotics Facility  
  36  5:30  Phoenix  
  36  5:35  Blink  
  38  5:38  Nexus  
  38  5:42  Gateway  
  38  5:44  Gateway  
  38  6:07  Observer  
  38  6:08  Pylon  
  38  6:10  Pylon  
  38  6:13  Assimilator  
  38  6:15  Assimilator  
  39  6:23  Robotics Bay  
  39  6:24  Observer  
  40  6:53  Probe  
  39  7:01  Probe  
  39  7:03  Phoenix  
  39  7:07  Stalker x2  
  39  7:08  Stalker  
  46  7:11  Probe  
  47  7:23  Probe  
  47  7:26  Gravitic Boosters  
  48  7:35  Probe  
  49  7:47  Probe  
  49  7:49  Observer  
  51  7:51  Stalker  
  51  7:52  Stalker  
  51  7:56  Probe  
  55  8:04  Probe x2  
  58  8:14  Probe  
  58  8:16  Probe  
  60  8:28  Probe  
  60  8:30  Stalker x2  
  60  8:31  Stalker  
  67  8:44  Phoenix  
  69  8:48  Templar Archives  
  69  8:51  Probe  
  69  8:52  Colossus  
  76  9:04  Shield Battery  
  76  9:20  Psionic Storm  
  76  9:46  Warp Prism  
  78  10:12  Pylon  
  78  10:14  Pylon  
  78  10:16  Pylon  
  78  10:17  Pylon  
  78  10:30  Probe, Phoenix  
  78  10:31  Observer  
  83  10:42  Probe  
  83  10:54  Probe  
  84  11:27  Probe  
  85  11:39  Probe  
  83  11:44  Stalker x3  
  83  11:45  Stalker  
  91  11:51  Probe  
  92  12:11  Stargate  
  92  12:15  Stargate  
  92  12:18  Stargate  
  92  12:36  Nexus  
  92  12:40  High Templar x2  
  92  12:41  High Templar x2  
  99  13:16  Void Ray x2  
  107  13:38  Assimilator  
  107  13:40  Void Ray x2  
  107  13:42  Pylon, Assimilator  
  107  13:44  Pylon  
  115  13:49  Pylon, Void Ray  
  115  13:51  Pylon  
  115  13:54  Void Ray  
  131  14:37  Archon x2  
Show
View Real Time Build Order
Export as new Build Order

IIIIIIIIIII Protoss 

Build Orders: 1 Gate Expand, Blink Stalkers 

Get SALT Encoding   

  12  0:01  Probe  
  13  0:13  Probe  
  14  0:20  Pylon  
  14  0:25  Probe  
  15  0:38  Probe  
  15  0:40  Gateway  
  16  0:44  Assimilator  
  16  0:50  Probe  
  17  1:02  Probe  
  18  1:15  Probe  
  19  1:23  Nexus  
  19  1:33  Cybernetics Core  
  19  1:38  Assimilator  
  19  1:42  Probe  
  20  1:54  Probe  
  21  1:55  Pylon, Warp Gate  
  21  2:03  Stalker  
  21  2:06  Probe  
  24  2:18  Probe  
  25  2:30  Twilight Council  
  25  2:32  Probe  
  25  2:36  Probe  
  29  2:42  Stalker  
  29  2:48  Probe x2  
  31  3:00  Probe x2  
  33  3:12  Probe x2  
  34  3:14  Robotics Facility  
  35  3:21  Blink  
  35  3:24  Probe  
  35  3:25  Probe  
  37  3:36  Probe  
  37  3:37  Probe  
  39  3:43  Gateway  
  39  3:44  Gateway  
  39  3:49  Probe x2  
  39  3:54  Pylon  
  41  3:59  Assimilator  
  41  4:01  Assimilator, Probe x2  
  43  4:07  Pylon  
  43  4:13  Probe x2, Gateway  
  45  4:25  Probe x2  
  47  4:35  Gateway  
  47  4:40  Probe x2  
  47  4:41  Pylon  
  49  4:49  Gateway  
  49  4:51  Gateway  
  49  4:53  Gateway  
  49  4:57  Gateway  
  49  5:00  Warp Prism  
  51  5:08  Pylon  
  51  5:10  Pylon  
  51  5:22  Stalker x2  
  51  5:23  Stalker x2  
  59  5:45  Probe  
  60  6:06  Pylon  
  60  6:10  Pylon  
  60  6:11  Pylon  
  60  6:13  Pylon  
  50  6:48  Templar Archives  
  50  6:49  Gateway  
  50  6:52  Gateway  
  50  6:54  Gateway  
  50  6:56  Gateway  
  50  7:02  Nexus  
  50  7:05  Assimilator  
  50  7:07  Probe x2  
  52  7:10  Assimilator  
  52  7:13  Psionic Storm  
  52  7:14  Pylon  
  52  7:19  Pylon  
  52  7:22  Pylon  
  52  7:33  Probe x2  
  54  7:38  High Templar x4  
  54  7:39  Stalker  
  54  7:40  Stalker x4  
  54  7:44  Stalker  
  74  7:46  Stalker  
  74  7:48  Stalker  
  74  7:50  Stalker  
  80  7:54  Observer  
  80  7:57  Probe x2  
  83  8:05  Probe x2  
  85  8:14  High Templar, Probe  
  85  8:15  Observer, High Templar, Probe  
  85  8:16  Stalker x6  
  104  8:27  Forge, Probe  
  105  8:29  Forge  
  105  8:32  Forge  
  105  8:36  Probe  
  105  8:37  Probe x2  
  108  8:44  Probe  
  108  8:45  Probe x2  
  109  8:51  Protoss Ground Armor Level 1, Protoss Ground Weapons Level 1  
  109  8:53  Probe  
  109  8:54  Probe  
  111  9:01  Protoss Shields Level 1  
  113  9:12  Observer  
  114  9:19  Stalker x5  
  114  9:20  Stalker x4  
  114  9:21  Stalker x2  
  136  9:34  Observer  
  137  9:55  Stalker x4  
  137  9:56  Stalker x3  
  137  9:57  Stalker x2  
  155  10:02  Warp Prism  
  157  10:18  Nexus  
  157  10:19  Assimilator  
  157  10:22  Assimilator  
  157  10:23  Pylon  
  157  10:28  Pylon  
  156  10:49  Protoss Shields Level 2, Protoss Ground Armor Level 2  
  156  10:59  Protoss Ground Weapons Level 2  
  156  11:09  Stalker  
  156  11:10  Stalker x6  
  156  11:11  Stalker  
  172  11:17  Pylon  
  172  11:18  Pylon  
  172  11:20  Pylon  
  172  11:24  Pylon  
  168  11:58  Charge  
  166  13:05  Stalker x2  
  166  13:06  Stalker x5  
  166  13:07  Stalker x5  
  166  13:08  Stalker  
  192  13:39  Stalker  
  192  13:40  Stalker x2  
  198  13:41  Stalker  
  200  13:49  Gateway  
  200  13:51  Gateway  
  200  13:54  Gateway  
  200  13:56  Gateway  
  200  13:58  Gateway  
  200  14:01  Gateway  
  200  14:07  Gateway  
  200  14:11  Gateway  
  200  14:17  Pylon  
  200  14:19  Pylon  
  200  14:21  Pylon  
  170  14:40  Stalker  
  170  14:41  Stalker x5  
  170  14:42  Stalker x6  
  170  14:43  Stalker  
  189  14:53  Stalker x3  
Tags
 
Add a new tag
Caveats
  • Supply blocks, unpowered buildings, or Contaminate may cause inaccurate times.
  • Supply counts are checked every 10 seconds.